 Dungeon Crawl Stone Soup version 0.22.1-1-ga44c0e56f4 (webtiles) character file.

60 Nebulos the Firebug (level 3, -2/20 HPs)
             Began as a Deep Elf Fire Elementalist on Sept 21, 2018.
             Killed from afar by Natasha (7 damage)
             ... with a magic dart
             ... on level 2 of the Dungeon.
             The game lasted 00:02:56 (1417 turns).

Nebulos the Firebug (Deep Elf Fire Elementalist)    Turns: 1417, Time: 00:02:56

Health: -2/20      AC:  2    Str:  5    XL:     3   Next: 82%
Magic:  7/10       EV: 13    Int: 20    God:
Gold:   41         SH:  0    Dex: 15    Spells: 5/9 levels left

rFire    . . .     SeeInvis .   b - +0 hand axe
rCold    . . .     Gourm    .   (no shield)
rNeg     . . .     Faith    .   a - +0 robe
rPois    .         Spirit   .   (no helmet)
rElec    .         Reflect  .   (no cloak)
rCorr    .         Harm     .   (no gloves)
MR       .....     Rnd*Tele +   (no boots)
Stlth    ++........             (no amulet)
HPRegen  0.06/turn              g - ring of teleportation (curse)
MPRegen  0.12/turn              (no ring)

@: no status effects
A: no striking features
a: no special abilities


You were on level 2 of the Dungeon.
You were hungry.

You visited 1 branch of the dungeon, and saw 2 of its levels.

You collected 41 gold pieces.

Inventory:

Hand Weapons
 b - a +0 hand axe (weapon)
Armour
 a - a +0 robe (worn)
Jewellery
 g - a cursed ring of teleportation (left hand)
Scrolls
 e - a scroll of fear {unknown}
Potions
 d - a potion of invisibility {unknown}
 f - a potion of ambrosia {unknown}
Comestibles
 c - 3 rations


   Skills:
 + Level 0.3 Fighting
 + Level 3.0 Dodging
 - Level 2.4 Stealth
 + Level 3.7 Spellcasting
 + Level 1.2 Conjurations
 + Level 4.4 Fire Magic


You had 5 spell levels left.
You knew the following spells:

 Your Spells              Type           Power        Failure   Level  Hunger
a - Flame Tongue          Conj/Fire      ###..        4%          1    None
b - Conjure Flame         Conj/Fire      ###.....     12%         3    ###....

Your spell library contained the following spells:

 Spells                   Type           Power        Failure   Level  Hunger
 Throw Flame              Conj/Fire      ###...       6%          2    ##.....
 Inner Flame              Hex/Fire       ##......     16%         3    ###....
 Sticky Flame             Conj/Fire      ###.....     38%         4    ####...
 Fireball                 Conj/Fire      ###.......   75%         5    ######.


Dungeon Overview and Level Annotations

Branches:
Dungeon (2/15)

Altars:

Annotations:
D:2 Natasha


Message History

The flame tongue misses Natasha.
Natasha claws you.
Casting: Flame Tongue (safe; 4% risk of failure)
Confirm with . or Enter, or press ? or * to list all spells.
Aiming: Flame Tongue (safe; 4% risk of failure)
Press: ? - help, Shift-Dir - straight line, f/p - Natasha
Aim: Natasha (lightly wounded)
The flame tongue hits Natasha.
Natasha is heavily wounded.
Natasha stares at you and mumbles some strange words.
The magic dart hits you!
* * * LOW HITPOINT WARNING * * *
Casting: Flame Tongue (safe; 4% risk of failure)
Confirm with . or Enter, or press ? or * to list all spells.
Aiming: Flame Tongue (safe; 4% risk of failure)
Press: ? - help, Shift-Dir - straight line, f/p - Natasha
Aim: Natasha (heavily wounded)
The flame tongue misses Natasha.
Natasha casts a spell at you. The magic dart hits you!
You die...

### ..# #.# #.# #.# #.#
#.# # #.#######.# ###
##
#....h@...########.###.
#..######(..........##.
.......########.#...
#####..# #...## #..#
#..## #..# #..# #..#
....# g... .##... #.. #
#.#.


You could see Natasha.

Vanquished Creatures
  2 gnolls (D:1)
  An ooze (D:1)
  4 bats
  4 giant cockroaches
  6 goblins
  4 hobgoblins (D:1)
  2 frilled lizards (D:1)
  5 kobolds
  8 rats
36 creatures vanquished.

Notes
Turn   | Place    | Note
-------+----------+-------------------------------------------
     0 | D:1      | Nebulos the Deep Elf Fire Elementalist began the quest for
                  | the Orb.
     0 | D:1      | Reached XP level 1. HP: 10/10 MP: 6/6
   115 | D:1      | Reached XP level 2. HP: 3/15 MP: 2/8
   357 | D:1      | Reached skill level 4 in Fire Magic
   452 | D:1      | Reached XP level 3. HP: 4/19 MP: 0/10
  1318 | D:2      | Learned a level 3 spell: Conjure Flame
  1406 | D:2      | Noticed Natasha
  1417 | D:2      | Killed from afar by Natasha

Skill      XL: |  1  2  3 |
---------------+----------+-----
Fire Magic     | 4 |  4.4
Dodging        | 3 |  3.0
Fighting       | |  0.3
Stealth        | |  2.4
Spellcasting   | |  3.7
Conjurations   | |  1.2

Action                   || total
-------------------------++-------
Melee: Hand axe          ||    68
       Unarmed           ||     1
 Cast: Flame Tongue      ||    44
 Stab: Sleeping          ||     8
  Eat: Chunk             ||     1
Armor: Robe              ||    14
Dodge: Dodged            ||    76
